Map: 2000 Atmosphären LE

Players

Cheater-1 (Extrem) - Winner!

  • Race: Zerg Zerg

Luca

  • Race: Terran Terran

VOD

Have the link to the VOD?

Description

Time

  • Played on: March 14, 2022, 5:09 a.m.
  • Length: 12:33
Show
View Real Time Build Order
Export as new Build Order

Cheater-1 (Extrem) Zerg - Winner!

Build Orders: Hatch First 

Get SALT Encoding   

  12  0:00  Drone  
  13  0:11  Overlord  
  13  0:15  Drone  
  14  0:29  Drone x2  
  14  0:33  Drone  
  17  0:47  Hatchery  
  17  0:48  Drone  
  17  1:01  Spawning Pool  
  17  1:03  Extractor, Drone  
  16  1:06  Drone  
  17  1:16  Drone  
  18  1:26  Drone  
  19  1:37  Overlord  
  19  1:47  Queen  
  19  1:48  Drone  
  22  1:58  Zergling x2, Drone, Queen  
  22  2:00  Roach Warren  
  25  2:02  Extractor  
  24  2:09  Drone x2  
  26  2:20  Drone x2  
  28  2:31  Drone x2  
  30  2:41  Zergling x2, Drone  
  32  2:52  Overlord, Roach  
  32  2:54  Overlord, Zergling x2, Lair  
  32  2:55  Drone  
  36  3:10  Roach x3, Drone x2  
  44  3:14  Drone  
  45  3:20  Drone  
  45  3:25  Drone  
  47  3:31  Drone  
  47  3:33  Drone x2  
  47  3:34  Drone  
  51  3:36  Overlord  
  51  3:37  Drone  
  51  3:39  Overlord  
  52  3:41  Overlord  
  52  3:54  Hydralisk Den, Drone x3  
  52  3:55  Infestation Pit  
  53  3:58  Drone  
  53  4:02  Drone x3  
  57  4:05  Zergling x2  
  57  4:08  Zergling x4, Roach  
  64  4:10  Roach  
  64  4:15  Overlord  
  64  4:17  Spore Crawler  
  64  4:19  Spore Crawler  
  64  4:20  Drone  
  63  4:26  Drone  
  63  4:30  Overlord, Hydralisk x2  
  63  4:31  Roach  
  70  4:32  Hive  
  70  4:38  Drone  
  71  4:39  Hydralisk  
  71  4:40  Drone, Roach  
  71  4:41  Evolution Chamber  
  71  4:42  Infestor  
  71  4:43  Evolution Chamber  
  76  4:49  Drone  
  77  4:53  Drone  
  77  4:59  Zergling x2  
  75  5:01  Hydralisk, Zergling x2  
  75  5:02  Roach  
  75  5:04  Overlord  
  64  5:11  Overlord, Roach  
  64  5:12  Overlord, Zergling x2  
  63  5:16  Roach  
  60  5:21  Zergling x2  
  60  5:26  Zergling x2  
  61  5:31  Queen  
  61  5:32  Overlord  
  61  5:33  Overseer, Roach x2  
  61  5:36  Infestor  
  58  5:43  Zergling x8  
  58  5:46  Hatchery  
  58  5:48  Roach  
  60  5:54  Zergling x2  
  60  5:59  Roach  
  58  6:05  Roach  
  58  6:10  Zergling x2  
  61  6:12  Overseer  
  61  6:15  Overlord x3, Roach  
  61  6:17  Queen  
  63  6:21  Zergling x2  
  57  6:26  Zergling x2  
  57  6:28  Zerg Ground Armor Level 1  
  57  6:30  Baneling Nest  
  57  6:31  Spine Crawler  
  57  6:32  Overlord  
  50  6:33  Spine Crawler  
  50  6:36  Hydralisk  
  50  6:37  Overlord x2, Zergling x2, Hatchery, Evolution Chamber  
  50  6:39  Ultralisk Cavern  
  48  6:41  Extractor  
  48  6:43  Overlord  
  48  6:44  Extractor, Queen  
  48  6:47  Drone, Zergling x2, Roach  
  49  6:49  Zergling x2  
  49  6:53  Queen  
  55  6:54  Overlord  
  55  6:57  Hydralisk  
  55  6:59  Overlord  
  53  7:02  Overseer, Spine Crawler  
  53  7:04  Hydralisk, Spine Crawler  
  49  7:09  Drone  
  49  7:10  Drone  
  40  7:16  Zergling x2  
  40  7:18  Queen  
  40  7:19  Overlord, Zergling x6  
  40  7:21  Zergling x2  
  45  7:27  Metabolic Boost, Zergling x2  
  45  7:28  Zerg Melee Weapons Level 1  
  46  7:30  Hatchery, Drone  
  46  7:31  Drone  
  47  7:38  Drone  
  47  7:41  Roach  
  47  7:42  Overseer, Roach  
  47  7:47  Hydralisk, Zergling x2  
  47  7:48  Roach  
  47  7:49  Zergling x2  
  46  7:51  Hydralisk, Zergling x4  
  46  7:52  Ultralisk, Drone, Roach  
  46  7:53  Infestor  
  50  8:00  Zergling x2  
  50  8:02  Drone  
  50  8:04  Drone  
  49  8:08  Overseer  
  49  8:11  Roach  
  45  8:13  Drone  
  45  8:15  Zergling x2  
  39  8:21  Roach, Drone  
  39  8:24  Zergling x2  
  35  8:29  Roach  
  34  8:35  Drone  
  34  8:40  Zergling x2  
  29  8:42  Baneling  
  29  8:43  Zergling x2, Baneling  
  29  8:47  Roach  
  30  8:51  Drone  
  27  8:57  Roach  
  27  9:01  Roach  
  30  9:02  Zergling x2  
  30  9:05  Zergling x2  
  30  9:07  Hydralisk, Roach, Drone x2  
  30  9:08  Drone  
  37  9:11  Drone  
  37  9:13  Drone  
  37  9:16  Drone  
  38  9:20  Roach  
  38  9:24  Overseer  
  35  9:25  Zergling x2  
  35  9:26  Drone  
  35  9:29  Zergling x2  
  34  9:32  Roach  
  34  9:34  Drone  
  34  9:37  Roach  
  37  9:39  Drone  
  37  9:42  Roach  
  37  9:44  Roach  
  37  9:47  Zergling x2  
  37  9:50  Zergling x2  
  37  9:52  Hydralisk  
  40  9:56  Roach  
  40  9:57  Hydralisk  
  42  10:02  Hydralisk  
  42  10:05  Drone  
  42  10:06  Drone  
  40  10:09  Zergling x2  
  40  10:11  Zergling x2  
  35  10:16  Roach  
  35  10:19  Roach  
  37  10:22  Drone  
  23  10:42  Zergling x2  
  22  10:44  Zergling x2  
  22  10:49  Roach  
  22  10:53  Roach  
  24  10:57  Roach  
  24  11:00  Drone  
  24  11:03  Drone  
  28  11:09  Overlord  
  28  11:12  Drone  
  28  11:14  Drone  
  28  11:17  Drone  
  29  11:21  Roach  
  29  11:24  Drone  
  29  11:27  Drone  
  28  11:36  Queen  
  28  11:40  Drone  
  28  11:44  Drone  
  28  11:47  Roach  
  28  11:48  Drone  
  28  11:52  Drone  
  30  11:57  Overlord  
  29  12:01  Drone  
  26  12:09  Spawning Pool  
Show
View Real Time Build Order
Export as new Build Order

Luca Terran 

Build Orders: 1/1/1 

Get SALT Encoding   

  12  0:02  SCV  
  13  0:14  SCV  
  13  0:17  Supply Depot  
  14  0:24  Refinery  
  14  0:27  SCV  
  15  0:39  SCV  
  16  0:46  Barracks  
  16  0:52  SCV  
  17  0:57  Refinery  
  17  1:04  SCV  
  18  1:16  SCV  
  20  1:35  Factory, Barracks Reactor  
  20  1:36  Orbital Command  
  19  1:45  Supply Depot  
  19  2:03  SCV  
  20  2:12  Marine x2  
  20  2:15  SCV  
  23  2:18  Factory Tech Lab  
  23  2:20  Starport  
  23  2:27  SCV  
  23  2:29  Marine  
  24  2:30  Marine  
  24  2:34  Supply Depot  
  26  2:41  Siege Tank  
  29  2:47  Marine x2  
  31  2:57  Supply Depot  
  31  2:58  Medivac  
  33  3:05  Marine x2  
  35  3:16  Siege Tank  
  38  3:22  Supply Depot  
  38  3:23  Marine x2  
  40  3:41  Marine x2, Medivac  
  41  3:46  Supply Depot  
  44  3:54  Widow Mine  
  46  3:58  Marine  
  46  3:59  Marine  
  48  4:06  Command Center  
  48  4:16  Marine x2, Widow Mine  
  52  4:22  Medivac  
  54  4:25  SCV  
  54  4:30  Supply Depot  
  55  4:34  Marine  
  55  4:36  Marine  
  57  4:39  Widow Mine  
  57  4:43  SCV  
  60  4:56  Marine x2  
  62  5:05  Siege Tank  
  56  5:14  Marine x2  
  56  5:19  Orbital Command  
  57  5:22  Medivac  
  59  5:32  Marine x2  
  60  5:38  Widow Mine  
  60  5:42  SCV  
  63  5:45  Orbital Command  
  63  5:49  Command Center  
  62  5:59  Marine  
  62  6:00  Marine  
  62  6:01  Widow Mine  
  65  6:11  SCV  
  65  6:13  SCV  
  65  6:17  Marine x2  
  69  6:18  Supply Depot  
  69  6:22  Siege Tank  
  69  6:23  SCV  
  66  6:35  Marine x2  
  66  6:39  SCV x2, Medivac  
  72  6:47  Barracks x2  
  72  6:51  SCV  
  72  6:52  SCV  
  72  6:53  Marine x2  
  76  6:55  Widow Mine  
  78  7:03  Orbital Command  
  78  7:04  SCV  
  78  7:07  SCV  
  79  7:14  Marine x2  
  80  7:16  Widow Mine  
  80  7:17  SCV  
  80  7:21  SCV  
  84  7:24  Engineering Bay, Supply Depot  
  84  7:26  Engineering Bay  
  84  7:29  SCV  
  86  7:33  SCV  
  86  7:35  Barracks Tech Lab x2, Orbital Command  
  87  7:37  Widow Mine  
  87  7:41  SCV  
  89  7:47  Marine x2  
  91  7:52  SCV  
  91  7:54  SCV, Marine x2  
  95  8:04  Marine  
  95  8:05  Marine  
  96  8:10  Widow Mine  
  96  8:11  SCV x3  
  96  8:12  Marine x2  
  101  8:15  Combat Shield, Stimpack  
  101  8:16  Barracks  
  101  8:17  Barracks  
  99  8:22  Marine x2  
  99  8:26  SCV  
  99  8:27  SCV x2  
  104  8:30  Marine x2  
  104  8:31  Widow Mine  
  104  8:33  Refinery  
  105  8:34  Refinery  
  105  8:39  SCV x3  
  95  8:42  Marine x2  
  95  8:45  Terran Infantry Weapons Level 1  
  95  8:48  Marine, Supply Depot  
  98  8:51  SCV x2  
  98  8:52  SCV  
  98  8:53  Marine  
  102  8:59  Medivac  
  102  9:00  Marine x2  
  106  9:03  SCV x2  
  106  9:05  Marine  
  106  9:07  Barracks Reactor x2  
  109  9:10  SCV  
  109  9:11  Marine, Refinery  
  109  9:12  Supply Depot x2, Refinery  
  109  9:13  Supply Depot  
  109  9:15  SCV  
  109  9:16  SCV  
  113  9:18  Marine x2  
  113  9:23  Marine  
  117  9:26  Terran Infantry Armor Level 1  
  117  9:29  Marine  
  118  9:31  SCV  
  118  9:32  SCV, Armory  
  118  9:36  Marine  
  118  9:37  Supply Depot  
  118  9:38  Siege Tank  
  123  9:41  Marine  
  123  9:42  Marine  
  125  9:46  Marine x4  
  125  9:47  Marine  
  129  9:54  Marine  
  129  9:57  Starport Reactor  
  129  9:58  SCV  
  129  9:59  Marine x2  
  132  10:00  Supply Depot  
  132  10:02  Command Center  
  132  10:04  Marine x4  
  135  10:10  Marauder, Siege Tank  
  135  10:11  Marine  
  141  10:17  Marine  
  141  10:18  Barracks, Marauder  
  141  10:19  Barracks  
  141  10:20  Barracks  
  138  10:22  Marine x3  
  138  10:28  Marine  
  141  10:29  Marine  
  141  10:31  Marauder  
  141  10:35  Marine  
  145  10:39  Marine, Marauder  
  145  10:40  Marine x2  
  148  10:46  Marine  
  148  10:47  Marine  
  148  10:53  Marauder  
  148  10:55  Marine  
  151  10:57  Marine x3  
  151  11:01  Marauder  
  151  11:04  Marine  
  156  11:05  Marine  
  158  11:11  Barracks Tech Lab x3  
  158  11:14  Marauder  
  160  11:22  Marauder  
  160  11:23  Marine x3  
  160  11:24  Marine x2  
  167  11:31  Marauder x3  
  173  11:36  Marauder  
  175  11:41  Ghost Academy  
  175  11:43  Marauder  
  177  11:52  Refinery, Marauder  
  177  11:54  Refinery  
  179  11:56  Marauder x2  
  179  11:57  Marine x2, Marauder  
Tags
 
Add a new tag
Caveats
  • Supply blocks, unpowered buildings, or Contaminate may cause inaccurate times.
  • Supply counts are checked every 10 seconds.